 Dungeon Crawl Stone Soup version 0.30-a0-469-g84de5afbc5 (webtiles) character file.

Game seed: 10187327020830370392

9 ragingrage the Sneak (level 2, -1/26 HPs)
             Began as a Ghoul Delver on Dec 19, 2022.
             Slain by an iguana (6 damage)
             ... on level 5 of the Dungeon.
             The game lasted 00:00:41 (231 turns).

ragingrage the Sneak (Ghoul Delver)                  Turns: 231, Time: 00:00:41

Health: -1/26      AC:  3    Str: 15    XL:     2   Next: 16%
Magic:  1/1        EV: 11    Int:  5    God:
Gold:   0          SH:  0    Dex: 10    Spells: 1/1 levels left

rFire   . . .      SeeInvis .      - Unarmed
rCold   + . .      Faith    .    (no shield)
rNeg    + + +      Spirit   .    a - +0 leather armour
rPois   ∞          Reflect  .    (no helmet)
rElec   .          Harm     .    (no cloak)
rCorr   .          Rampage  .    (no gloves)
Will    .....                    (no boots)
Stlth   +++.......               (no amulet)
HPRegen 0.00/turn                (no ring)
MPRegen 0.07/turn                (no ring)

@: inhibited regen
A: claws 1, cold resistance 1, negative energy resistance 3, inhibited
regeneration, torment resistance 2, devour on kill
a: no special abilities


You were on level 5 of the Dungeon.
You visited 1 branch of the dungeon, and saw 2 of its levels.

Inventory:

Missiles
 g - 5 poisoned darts (quivered)
Armour
 a - a +0 leather armour (worn)
Wands
 f - a wand of digging (3)
Scrolls
 b - a scroll of fog
 c - 2 scrolls of magic mapping
 d - a scroll of fear
 h - a scroll of teleportation {unknown}
Potions
 e - a potion of haste


   Skills:
 - Level 3.2 Fighting
 - Level 1.7 Dodging
 + Level 5.6 Stealth
 * Level 2.8 Unarmed Combat


You had one spell level left.
You didn't know any spells.
Your spell library was empty.

Dungeon Overview and Level Annotations

Branches:
Dungeon (6/15)
 Temple: D:4-7

Altars:
Yredelemnul

Shops:
D:5 [

Annotations:
D:5 2 transporters
D:6 Eustachio


Innate Abilities, Weirdness & Mutations

You are immune to poison.
You have sharp fingernails.
Your flesh is cold resistant. (rC+)
You are immune to negative energy. (rN+++)
You do not regenerate when monsters are visible.
You are immune to unholy pain and torment.
You thrive by killing the living.


Message History

HP restored.
Found a quarterstaff.
Found a basalt altar of Yredelemnul.
Found a fizzy white potion.
Found a transporter.
The yak bellows!
You hear an angry growl.
Found 10 gold pieces and a scroll labelled AJO NUCIKIO.
Found a smoky red potion.
Found a scroll labelled JIFEEM KAOQILI.
The wyvern hisses angrily.
There is a transporter landing site here.
The howler monkey howls!
Found a transporter.
Found a crooked smoking staff.
You see here a staff of fire.
The yak snorts and paws the ground.
Found a stone staircase leading up.
Found 15 gold pieces.
An iguana comes into view.
Found a stone staircase leading down.
The helpless iguana fails to defend itself.
You scratch the iguana.
The iguana is moderately wounded.
The iguana bites you.
You barely miss the iguana.
The iguana is moderately wounded.
The iguana bites you!
Ouch! That really hurt!
You scratch the iguana but do no damage.
The iguana is moderately wounded.
The iguana barely misses you.
You scratch the iguana but do no damage.
The iguana is moderately wounded.
Okay, then.
You scratch the iguana.
The iguana is severely wounded.
The iguana bites you.
* * * LOW HITPOINT WARNING * * *
You scratch the iguana but do no damage.
The iguana is severely wounded.
The iguana bites you.
You die...

#..# #..#######
##.####.##...©..
##########...##.#8.#...#
...$.....##....#l..#.#.
.##..<....####..#h......
..........###..©#Y.©?...
..............|.#h......
###......#####.#...#.#.
#...@..# #.#8.#...#
#.>l...# #.##......
######## #..#######
##........ #########


You could see an iguana.

Vanquished Creatures
  An ufetubus (D:5)
  2 orcs (D:5)
3 creatures vanquished.

Notes
Turn   | Place    | Note
-------+----------+-------------------------------------------
     0 | D:5      | ragingrage the Ghoul Delver began the quest for the Orb.
     0 | D:5      | Reached XP level 1. HP: 19/19 MP: 0/0
     1 | D:6      | Noticed Eustachio
     1 | D:6      | Noticed a jelly
    30 | D:5      | Reached XP level 2. HP: 13/26 MP: 1/1
   101 | D:5      | Found Fabloj's Antique Armour Emporium.
   184 | D:5      | Found a basalt altar of Yredelemnul.
   184 | D:5      | Noticed a yak
   185 | D:5      | Found a transporter.
   185 | D:5      | Noticed a howler monkey
   186 | D:5      | Noticed a black bear
   187 | D:5      | Noticed a wyvern
   201 | D:5      | Found a transporter.
   231 | D:5      | Slain by an iguana

Illustrated notes

Levels and vault maps discovered:
D:5:      layout_rooms, gammafunk_temple_overflow_arena,
          amethyst_overflow_temple_binary, serial_shops, nicolae_square_shop,
          chequers_garden, grunt_decor_one_mirror
D:6:      layout_gridville, mainiacjoe_overflow_alcove_4,
          minmay_temple_entry_nine_rooms, chequers_serial_rivers_micro_d,
          uniq_menkaure, uniq_eustachio

Action                   || total
-------------------------++-------
Melee: Unarmed           ||    20
 Stab: Sleeping          ||     1
Armor: Leather armour    ||     1
Dodge: Dodged            ||    10

Table legend: (Time is in decaauts)
 A = Elapsed time spent in this place.
 B = Non-inter-level travel time spent in this place.
 C = Inter-level travel time spent in this place.
 D = Time resting spent in this place.
 E = Time spent auto-exploring this place.
 F = Levels seen in this place.
 G = Mean time per level.
                   A        B        C        D        E       F      G
               +--------+--------+--------+--------+--------+-----+--------+
         Total |    230 |    230 |      0 |     87 |     48 |   2 |  115.0 |
       Dungeon |    230 |    230 |      0 |     87 |     48 |   2 |  115.0 |
               +--------+--------+--------+--------+--------+-----+--------+

Top non-repeatable levels by time:
     D:5: 228 daAuts
     D:6: 1 daAuts
